 Dungeon Crawl Stone Soup version 0.17.1-3-g152610e (webtiles) character file.

3482 CragHack the Thaumaturge (level 9, -6/52 HPs)
             Began as a High Elf Air Elementalist on Apr 9, 2016.
             Was a Believer of Sif Muna.
             Killed from afar by Erolcha (58 damage)
             ... with a crystal spear
             ... on level 8 of the Dungeon on Apr 10, 2016.
             The game lasted 01:20:49 (10097 turns).

CragHack the Thaumaturge (HEAE)                    Turns: 10097, Time: 01:20:54

Health: -6/52      AC: 11    Str:  7    XL:     9   Next: 79%
Magic:  8/24       EV: 15    Int: 22    God:    Sif Muna [**....]
Gold:   374        SH:  0    Dex: 17    Spells: 7 memorised, 12 levels left

rFire  + . .     SeeInvis .     x - +2 dagger (venom)
rCold  + + .     Clarity  .     v - +2 robe {rC+ rF+}
rNeg   . . .     SustAt   .     (no shield)
rPois  .         Gourm    .     h - +1 helmet
rElec  .         Spirit   .     y - +0 cloak
rCorr  .         Warding  .     a - +2 pair of gloves
rMut   .         Stasis   .     e - +0 pair of boots
MR     .....                    (no amulet)
Stlth  +++.......               (no ring)
                                m - ring of protection from cold

@: not resistant to hostile enchantments, fairly stealthy
A: no striking features
a: Channel Energy, Forget Spell, Renounce Religion


You were on level 8 of the Dungeon.
You worshipped Sif Muna.
Sif Muna was pleased with you.
You were not hungry.

You visited 2 branches of the dungeon, and saw 9 of its levels.

You collected 374 gold pieces.

Inventory:

Hand Weapons
 x - a +2 dagger of venom (weapon)
Missiles
 i - 4 poisoned tomahawks (quivered)
Armour
 a - a +2 pair of gloves (worn)
 e - a +0 pair of boots (worn)
 h - a +1 helmet (worn)
 v - a +2 robe of resistance (worn)
 y - a +0 cloak (worn)
Jewellery
 m - a ring of protection from cold (left hand)
Wands
 r - a wand of digging (6)
 w - a wand of digging (6)
Scrolls
 c - 2 scrolls of enchant weapon {unknown}
 g - a scroll of recharging
 s - 3 scrolls of identify
 t - 4 scrolls of teleportation
 u - 3 scrolls of remove curse
Potions
 d - 2 potions of degeneration {unknown}
 f - a potion of magic {unknown}
 j - 3 potions of curing
 l - a potion of heal wounds
 n - 3 potions of might
 o - a potion of berserk rage
 p - 2 potions of poison {unknown}
 z - a potion of invisibility {unknown}
 A - a potion of lignification {unknown}
Books
 b - a book of Air

   Spells                             Type                      Level
   a - Shock                          Conjuration/Air              1
   b - Swiftness                      Charms/Air                   2
   c - Repel Missiles                 Charms/Air                   2
   d - Static Discharge               Conjuration/Air              3
   e - Lightning Bolt                 Conjuration/Air              5
 q - a Young Poisoner's Handbook

   Spells                             Type                      Level
   a - Sting                          Conjuration/Poison           1
   b - Cure Poison                    Poison                       2
   c - Mephitic Cloud                 Conjuration/Poison/Air       3
   d - Olgreb's Toxic Radiance        Poison                       4
   e - Venom Bolt                     Conjuration/Poison           5
Comestibles
 k - 4 meat rations


   Skills:
 + Level 0.6 Fighting
 + Level 0.2 Short Blades
 + Level 0.2 Throwing
 + Level 5.0 Dodging
 + Level 3.3 Stealth
 * Level 10.1 Spellcasting
 + Level 6.2 Conjurations
 + Level 8.7 Air Magic
 * Level 3.1 Poison Magic


You had 12 spell levels left.
You knew the following spells:

 Your Spells              Type           Power        Failure   Level  Hunger
a - Shock                 Conj/Air       ####         1%          1    None
b - Swiftness             Chrm/Air       ####....     1%          2    None
c - Static Discharge      Conj/Air       #####...     1%          3    None
d - Repel Missiles        Chrm/Air       ####..       1%          2    None
e - Lightning Bolt        Conj/Air       #####.....   10%         5    ####...
f - Cure Poison           Pois           ###.......   2%          2    None
g - Sting                 Conj/Pois      ####         1%          1    None


Dungeon Overview and Level Annotations

Branches:
Dungeon (8/15)             Temple (1/1) D:7            Lair (0/8) D:8

Altars:
Ashenzari
Cheibriados
Dithmenos
Elyvilon
Gozag
Kikubaaqudgha
Makhleb
Nemelex Xobeh
Okawaru
Qazlal
Ru
Sif Muna
Trog
Vehumet
Xom
Yredelemnul
Zin
The Shining One

Annotations:
D:8 Erolcha


Message History

Erolcha is heavily wounded.
Casting: Lightning Bolt
Confirm with . or Enter, or press ? or * to list all spells.
Aiming: Sting
Press: ? - help, Shift-Dir - straight line, f/p - Erolcha
Aim: Erolcha, wielding a giant club and wearing a robe (heavily wounded)
The sting hits Erolcha.
Erolcha is severely wounded.
Casting: Sting
Confirm with . or Enter, or press ? or * to list all spells.
Aiming: Lightning Bolt
Press: ? - help, Shift-Dir - straight line, f/p - Erolcha
Aim: Erolcha, wielding a giant club and wearing a robe (severely wounded)
You hear a mighty clap of thunder!
The bolt of lightning hits Erolcha.
Erolcha is almost dead.
Erolcha gestures at you while chanting. The crystal spear hits you!
Ouch! That really hurt!
You die...

#.# #.#### #...<.
#†.##. #..#.# ###
#...# #.. ....##
#####.###. #.....
#.@.O..... ##...#
#.###.#### #..##
#.##...# #..#
#......######..#
####...........##
##.#######...##
##.# ##.....##
##..# ##....)..#
##...####.........


You could see Erolcha.

Vanquished Creatures
  Maurice (D:8)
  A steam dragon (D:7)
  A hungry ghost (D:7)
  2 sky beasts
  An ice beast (D:5)
  2 orc warriors
  An ogre (D:5)
  A centaur (D:7)
  A water moccasin skeleton (D:8)
  3 giant frogs
  6 scorpions
  4 wights (D:7)
  A centaur zombie (D:7)
  An electric eel (D:6)
  2 quasits
  A giant frog zombie (D:5)
  2 hounds (D:6)
  3 jellies
  A centaur skeleton (D:8)
  Ijyb (D:2)
  5 orc priests
  7 worker ants
  13 orc wizards
  2 iguanas
  A gnoll shaman (D:7)
  A killer bee zombie (D:5)
  A hound skeleton (D:5)
  Robin (D:2)
  9 gnolls
  14 adders
  3 shadow imps
  2 oozes
  2 adder zombies
  A worm (D:3)
  7 giant geckos
  26 orcs
  7 bats
  4 giant cockroaches
  7 hobgoblins
  5 kobolds
  6 ball pythons
  A ball python skeleton (D:6)
  9 giant newts
  21 goblins
  4 jackals (D:2)
  4 quokkas
  2 quokka skeletons
  9 rats
210 creatures vanquished.

Notes
Turn   | Place    | Note
--------------------------------------------------------------
     0 | D:1      | CragHack the High Elf Air Elementalist began the quest for the Orb.
     0 | D:1      | Reached XP level 1. HP: 11/11 MP: 4/4
   629 | D:1      | Reached XP level 2. HP: 15/17 MP: 2/6
   708 | D:2      | Learned a level 2 spell: Swiftness
   726 | D:2      | Noticed Robin
   726 | D:2      | Noticed Ijyb
   745 | D:2      | Reached skill level 4 in Air Magic
  1099 | D:2      | Reached XP level 3. HP: 21/21 MP: 2/8
  1110 | D:2      | Learned a level 3 spell: Static Discharge
  1159 | D:2      | Killed Ijyb
  1533 | D:2      | Reached XP level 4. HP: 27/27 MP: 5/10
  1574 | D:2      | Learned a level 2 spell: Repel Missiles
  1865 | D:2      | Killed Robin
  2689 | D:3      | Reached XP level 5. HP: 31/31 MP: 9/12
  2707 | D:3      | Reached skill level 5 in Air Magic
  2872 | D:3      | Found an iron altar of Okawaru.
  3304 | D:3      | You fall through a shaft!
  4008 | D:4      | Reached XP level 6. HP: 36/36 MP: 2/14
  4066 | D:4      | Learned a level 5 spell: Lightning Bolt
  4119 | D:4      | Reached skill level 5 in Spellcasting
  4244 | D:4      | Reached skill level 6 in Air Magic
  4339 | D:4      | Learned a level 2 spell: Cure Poison
  4747 | D:5      | Entered Level 5 of the Dungeon
  4808 | D:5      | Reached XP level 7. HP: 41/41 MP: 6/16
  4813 | D:5      | Learned a level 1 spell: Sting
  5212 | D:5      | Reached skill level 7 in Air Magic
  5535 | D:5      | Reached XP level 8. HP: 46/46 MP: 11/19
  6818 | D:6      | Reached skill level 8 in Spellcasting
  6821 | D:6      | Reached skill level 1 in Poison Magic
  7084 | D:6      | Found a white marble altar of Elyvilon.
  7611 | D:7      | Found a staircase to the Ecumenical Temple.
  7631 | Temple   | Entered the Ecumenical Temple
  7635 | Temple   | Became a worshipper of Sif Muna the Loreminder
  7775 | D:7      | Learned a level 1 spell: Sting
  7939 | D:7      | Reached skill level 5 in Conjurations
  8096 | D:7      | Reached XP level 9. HP: 51/51 MP: 12/22
  8323 | D:7      | Reached skill level 9 in Spellcasting
  8327 | D:7      | Reached * piety under Sif Muna
  9250 | D:8      | Reached ** piety under Sif Muna
  9369 | D:8      | Found a staircase to the Lair.
  9413 | D:8      | Reached skill level 5 in Dodging
  9722 | D:8      | Found an iron altar of Okawaru.
  9785 | D:8      | Found an opulent altar of Gozag.
  9787 | D:8      | Found an ancient bone altar of Kikubaaqudgha.
  9788 | D:8      | Found a glowing golden altar of the Shining One.
  9790 | D:8      | Found a shattered altar of Ashenzari.
  9898 | D:8      | Noticed Maurice
  9906 | D:8      | Killed Maurice
  9906 | D:8      | Reached skill level 10 in Spellcasting
 10092 | D:8      | Noticed Erolcha
 10097 | D:8      | Killed from afar by Erolcha

Action                   |  1- 3 |  4- 6 |  7- 9 || total
-------------------------+-------+-------+-------++-------
Melee: Short sword       |     1 |     9 |     9 ||    19
       Dagger            |       |       |     7 ||     7
Throw: Tomahawk          |       |     1 |     3 ||     4
 Cast: Shock             |    58 |   183 |   204 ||   445
       Static Discharge  |       |    12 |    53 ||    65
       Cure Poison       |       |     1 |     2 ||     3
       Repel Missiles    |       |     1 |       ||     1
       Sting             |       |       |    30 ||    30
       Lightning Bolt    |       |       |     9 ||     9
Evoke: Wand              |       |     1 |       ||     1
  Use: Scroll            |     1 |     5 |     7 ||    13
       Potion            |       |     1 |       ||     1
  Eat: Beef jerky        |     1 |     1 |     1 ||     3
       Chunk             |       |     4 |     1 ||     5
       Bread ration      |       |     1 |     3 ||     4
       Pizza             |       |     1 |       ||     1
       Meat ration       |       |       |     1 ||     1
